 Dungeon Crawl Stone Soup version 0.18.1-5-g4a78601 (webtiles) character file.

73 inmateoo the Charmwright (level 4, -6/23 HPs)
             Began as a Vine Stalker Skald on May 14, 2016.
             Was an Initiate of Dithmenos.
             Killed by divine providence
             ... invoked by an orc priest
              (14 damage)
             ... on level 3 of the Dungeon.
             The game lasted 00:03:31 (1981 turns).

inmateoo the Charmwright (Vine Stalker Skald)       Turns: 1981, Time: 00:03:32

Health: -6/23      AC:  5    Str: 16    XL:     4   Next: 27%
Magic:  0/8        EV:  6    Int: 12    God:    Dithmenos [......]
Gold:   159        SH:  3    Dex: 13    Spells: 3 memorised, 2 levels left

rFire  . . .     SeeInvis .     a - +0 spear
rCold  . . .     Gourm    .     b - +0 leather armour
rNeg   . . .     Faith    .     p - +0 buckler
rPois  .         Spirit   +     (no helmet)
rElec  .         Dismiss  .     (no cloak)
rCorr  .         Reflect  .     m - +0 pair of gloves
SustAt .         Harm     .     o - +0 pair of boots
MR     .....                    i - amulet of regeneration
Stlth  +.........               w - +1 ring of slaying
                                (no ring)

@: not resistant to hostile enchantments, very unstealthy
A: fangs 2, regeneration 1, magic shield, antimagic bite, no device heal 3, rot
immunity
a: Renounce Religion


You were on level 3 of the Dungeon.
You worshipped Dithmenos.
Dithmenos was noncommittal.
You were not hungry.

You visited 1 branch of the dungeon, and saw 3 of its levels.

You collected 159 gold pieces.

Inventory:

Hand Weapons
 a - a +0 spear (weapon)
Armour
 b - a +0 leather armour (worn)
 m - a +0 pair of gloves (worn)
 o - a +0 pair of boots (worn)
 p - a +0 buckler (worn)
Jewellery
 i - an amulet of regeneration (around neck)
 w - a +1 ring of slaying (right hand)
Scrolls
 g - a scroll of blinking
 n - a scroll of recharging
 u - 2 scrolls of random uselessness
Potions
 f - a potion of magic
 r - a potion of flight {unknown}
 t - 2 potions of curing {unknown}
Books
 c - a book of Battle

   Spells                             Type                      Level
   a - Infusion                       Charms                       1
   b - Shroud of Golubria             Charms/Translocation         2
   c - Song of Slaying                Charms                       2
   d - Spectral Weapon                Hexes/Charms                 3
   e - Regeneration                   Charms/Necromancy            3
Comestibles
 d - 2 bread rations
 j - 2 meat rations
 l - a beef jerky


   Skills:
 + Level 2.4 Fighting
 * Level 2.6 Polearms
 + Level 1.7 Armour
 + Level 1.3 Dodging
 + Level 0.3 Shields
 - Level 2.1 Spellcasting
 - Level 3.0 Charms


You had 2 spell levels left.
You knew the following spells:

 Your Spells              Type           Power        Failure   Level  Hunger
a - Infusion              Chrm           #...         17%         1    ##.....
b - Song of Slaying       Chrm           #.......     24%         2    ###....
c - Shroud of Golubria    Chrm/Tloc      #.........   43%         2    ###....


Dungeon Overview and Level Annotations

Branches:
Dungeon (3/15)

Altars:
Dithmenos
Makhleb
Zin


Innate Abilities, Weirdness & Mutations

You have extremely sharp teeth.
Your natural rate of healing is unusually fast.
When hurt, damage is shared between your health and your magic reserves.
Your bite disrupts and absorbs the magic of your enemies.
Potions and wands cannot restore your health.
You are immune to rotting.


Message History

The orc priest calls upon Beogh to heal the orc priest.
The orc priest is healed somewhat.
The orc priest invokes the aid of Beogh against you.
Beogh smites you!
* * * LOW HITPOINT WARNING * * *
You climb upwards.
There is a stone staircase leading down here.
You start resting.
HP restored.
You climb downwards.
There is a stone staircase leading up here.
Unknown command.
The orc priest calls down the wrath of Beogh upon you.
Beogh smites you!
The orc priest invokes the aid of Beogh against you.
Beogh smites you!
The orc priest calls down the wrath of Beogh upon you.
Beogh smites you!
Ouch! That really hurt!
You die...

### . ..# # #..
#.#.#
#...######.#.#
#..>........#
#.....@.o..#
###.#####o.......
#.####### #.# #.#
#.# #.# #.#


You could see 2 orc priests.

Vanquished Creatures
  3 gnolls
  An ooze (D:2)
  A worm (D:2)
  3 dart slugs
  A giant cockroach (D:1)
  2 goblins
  3 hobgoblins
  7 kobolds
  3 bats
  5 giant newts
  7 rats
36 creatures vanquished.

Notes
Turn   | Place    | Note
--------------------------------------------------------------
     0 | D:1      | inmateoo the Vine Stalker Skald began the quest for the Orb.
     0 | D:1      | Reached XP level 1. HP: 11/11 MP: 4/4
   298 | D:1      | Reached skill level 1 in Armour
   497 | D:1      | Reached XP level 2. HP: 15/15 MP: 6/6
   505 | D:1      | Learned a level 2 spell: Song of Slaying
   874 | D:1      | Reached skill level 1 in Dodging
  1045 | D:2      | Reached XP level 3. HP: 18/18 MP: 7/7
  1150 | D:2      | Found a shadowy altar of Dithmenos.
  1202 | D:2      | Became a worshipper of Dithmenos the Shadowed
  1326 | D:2      | Found a burning altar of Makhleb.
  1331 | D:2      | Found a glowing silver altar of Zin.
  1331 | D:2      | Noticed a blizzard demon
  1331 | D:2      | Noticed an angel
  1502 | D:1      | Reached XP level 4. HP: 21/23 MP: 5/8
  1523 | D:1      | Learned a level 2 spell: Shroud of Golubria
  1981 | D:3      | Killed from afar by an orc priest

Skill      XL: |  1  2 |
---------------+-------+-----
Polearms       | 2 |  2.6
Armour         | 1 |  1.7
Fighting       | 2 |  2.4
Dodging        | 1 |  1.3
Shields        | |  0.3
Spellcasting   | |  2.1
Charms         | |  3.0

Action                   |  1- 3 |  4- 6 || total
-------------------------+-------+-------++-------
Melee: Spear             |    97 |    33 ||   130
       Bite              |    23 |     2 ||    25
  Use: Scroll            |       |     8 ||     8
 Stab: Distracted        |     1 |       ||     1
  Eat: Chunk             |     2 |     1 ||     3
Armor: Leather armour    |    27 |     5 ||    32
Dodge: Dodged            |    22 |    12 ||    34
Block: Buckler           |     4 |     3 ||     7
